 Dungeon Crawl Stone Soup version 0.30.0-20-g3615ddf2f0 (webtiles) character file.

Game seed: 10017144311740250514

65 qw the Chopper (level 4, -3/28 HPs)
             Began as a Gargoyle Fighter on May 29, 2023.
             Slain by a gnoll
             ... wielding a +0 halberd
              (5 damage)
             ... on level 2 of the Dungeon.
             The game lasted 00:00:28 (740 turns).

qw the Chopper (Gargoyle Fighter)                    Turns: 740, Time: 00:00:28

Health: -3/28      AC: 10    Str: 28    XL:     4   Next: 13%
Magic:  4/4        EV:  9    Int:  8    God:
Gold:   35         SH:  4    Dex:  9    Spells: 3/3 levels left

rFire   . . .        Y - +0 war axe
rCold   . . .        c - +0 buckler
rNeg    + . .        b - +0 scale mail
rPois   inf          (no helmet)
rElec   +            (no cloak)
rCorr   .            (no gloves)
SInv    .            (no boots)
Will    .....        (no amulet) Stlth
                     h - +6 ring of strength
HPRegen 0.24/turn    (no ring)
MPRegen 0.09/turn

%: no passive effects
@: no status effects
A: sickness immunity, AC +3, negative energy resistance 1, electricity
resistance, torment resistance 1, petrification resistance
a: no special abilities


You were on level 2 of the Dungeon.
You visited 1 branch of the dungeon, and saw 2 of its levels.

You collected 35 gold pieces.


Innate Abilities, Weirdness & Mutations

You are immune to sickness and miasma.
Your stone body is resilient. (AC +3)
You are immune to poison.
You resist negative energy. (rN+)
You are resistant to electric shocks. (rElec)
You are resistant to unholy torment.
You are immune to petrification.


   Skills:
 - Level 3.2 Fighting
 + Level 3.9 Axes
 - Level 3.2 Armour
 - Level 3.2 Shields


You had 3 spell levels left.
You didn't know any spells.
Your spell library was empty.

Inventory:

Hand Weapons
 g - a +0 club
 Y - a +0 war axe (weapon)
Missiles
 n - 6 boomerangs (quivered)
Armour
 b - a +0 scale mail (worn)
 c - a +0 buckler (worn)
Jewellery
 h - a +6 ring of strength (left hand)
Scrolls
 j - a scroll of identify
Potions
 d - a potion of might
 f - a potion of invisibility {unknown}
 i - a potion of curing

Dungeon Overview and Level Annotations

Branches:
Dungeon (2/15)

Altars:


Message History

You block the quokka's attack.
The gnoll hits you from afar with a +0 halberd!
The gnoll hits you but does no damage. The gnoll closely misses you.
The quokka closely misses you.
736 ||| DRINKING potion of heal wounds.
You feel much better. The quokka closely misses you.
The quokka bites you but does no damage.
The gnoll hits you from afar with a +0 halberd!
Ouch! That really hurt!
You block the gnoll's attack. The gnoll hits you with a +0 club.
You barely miss the gnoll.
The gnoll is lightly wounded.
You miss the quokka. You slash the gnoll! You slash the quokka!
You kill the quokka!
You block the quokka's attack. You block the gnoll's attack.
The gnoll closely misses you. The gnoll hits you with a +0 club.
You hit the gnoll.
You kill the gnoll!
You hit the gnoll. You closely miss the quokka.
You completely miss the endoplasm.
The quokka bites you but does no damage.
The endoplasm hits you but does no damage.
The gnoll hits you from afar with a +0 halberd.
The gnoll hits you but does no damage. The quokka bites you.
The endoplasm closely misses you. The gnoll closely misses you.
The gnoll barely misses you.
You have reached level 4!
You feel stronger.
You hit the gnoll but do no damage.
The gnoll is heavily wounded.
You slash the endoplasm!
You kill the endoplasm!
You hit the quokka. The quokka bites you. You block the gnoll's attack.
The gnoll barely misses you. The quokka completely misses you.
You completely miss the quokka.
The quokka is severely wounded.
You hit the gnoll but do no damage.
The quokka bites you but does no damage.
The gnoll hits you from afar with a +0 halberd.
You die...

......# ....
....... .#. .
..($... ... ..
.......##..#..
>...........
......#.#.#
#......<..#
..##..r..##
.......@..#
.?....))gg#
............#
>..............
............#..
..........#..##
...........#..#
........#.!#...


You could see 2 gnolls and a quokka.

Vanquished Creatures
  Terence (D:2)
  A gnoll (D:2)
  5 bats (D:1)
  2 endoplasms
  3 giant cockroaches (D:1)
  5 goblins (D:1)
  3 hobgoblins (D:1)
  2 quokkas
  3 ball pythons (D:1)
  2 frilled lizards (D:1)
  2 kobolds (D:1)
  A rat (D:1)
30 creatures vanquished.

Notes
Turn   | Place    | Note
-------+----------+-------------------------------------------
     0 | D:1      | qw the Gargoyle Fighter began the quest for the Orb.
     0 | D:1      | Reached XP level 1. HP: 14/14 MP: 1/1
     0 | D:1      | 0 ||| qw: Version: 0.2-a-102-g2b76a06
     0 | D:1      | 0 ||| qw: Game counter: 414
     0 | D:1      | 0 ||| qw: Always use a shield: true
     0 | D:1      | 0 ||| qw: God list: Okawaru
     0 | D:1      | 0 ||| qw: Allow faded altars: false
     0 | D:1      | 0 ||| qw: Do Orc after D:15 true
     0 | D:1      | 0 ||| qw: Do second Lair branch before Depths: true
     0 | D:1      | 0 ||| qw: Lair rune preference: random
     0 | D:1      | 0 ||| qw: Plans: Normal, Zot:1-4, Slime:5, God:TSO, Crypt,
                  | Tomb, Pan, Hells, Abyss, Win
     0 | D:1      | 0 ||| PLANNING D:1-11
    67 | D:1      | Reached XP level 2. HP: 16/19 MP: 2/2
    70 | D:1      | 70 ||| FLEEEEING.
    71 | D:1      | 71 ||| FLEEEEING.
    72 | D:1      | 72 ||| FLEEEEING.
    73 | D:1      | 73 ||| FLEEEEING.
   307 | D:1      | Reached skill level 3 in Axes
   403 | D:1      | Reached XP level 3. HP: 23/23 MP: 3/3
   446 | D:1      | 446 ||| Stepping ~*~*~tactically~*~*~ (stealth).
   447 | D:1      | 447 ||| Stepping ~*~*~tactically~*~*~ (stealth).
   449 | D:1      | 449 ||| Stepping ~*~*~tactically~*~*~ (stealth).
   703 | D:1      | 703 ||| UPGRADING to +6 ring of strength.
   704 | D:1      | 704 ||| READING scroll labelled ZAVIATZYES.
   705 | D:1      | 705 ||| READING 2 scrolls labelled ARCHIW IDGHEALE.
   706 | D:1      | 706 ||| READING scroll labelled DOISAFEUPT.
   707 | D:1      | 707 ||| READING scroll labelled XYACUMN MICWA.
   708 | D:1      | 708 ||| DRINKING 2 clear potions.
   709 | D:1      | 709 ||| DRINKING 2 sapphire potions.
   727 | D:2      | Noticed Terence
   735 | D:2      | Killed Terence
   735 | D:2      | HP: 1/23 [gnoll/+0 halberd (11)]
   736 | D:2      | 736 ||| DRINKING potion of heal wounds.
   739 | D:2      | Reached XP level 4. HP: 2/28 MP: 4/4
   740 | D:2      | Slain by a gnoll

Levels and vault maps discovered:
D:1:      roderic_dead_forest, layout_basic
D:2:      layout_rooms, dilly_ecumenical_altar_fadedgnrine, serial_shops, shop,
          uniq_terence

Skill      XL: |  1  2 |
---------------+-------+-----
Axes           | 2 3 |  3.9
Fighting       | |  3.2
Armour         | |  3.2
Shields        | |  3.2

Action                     |  1- 3 |  4- 6 || total
---------------------------+-------+-------++-------
  Melee: War axe           |    73 |     2 ||    75
  Throw: Boomerang         |     1 |       ||     1
    Use: Scroll            |     4 |       ||     4
         Potion            |     3 |       ||     3
 Armour: Scale mail        |    57 |     1 ||    58
  Dodge: Dodged            |    48 |     2 ||    50
  Block: Buckler           |    24 |     1 ||    25

Table legend:
 A = Non-vault XP
 B = Vault XP
 C = Vault XP percentage of total XP
 D = Non-vault monster count
 E = Vault monster count
 F = Vault count percentage of total count
                 A         B        C        D         E       F
            +---------+---------+-------+---------+---------+-------
      Total |      61 |      32 |  34.4 |      29 |       1 |   3.3
            +---------+---------+-------+---------+---------+-------
        D:1 |      43 |       0 |   0.0 |      26 |       0 |   0.0
        D:2 |      18 |      32 |  64.0 |       3 |       1 |  25.0
            +---------+---------+-------+---------+---------+-------
